 Dungeon Crawl Stone Soup version 0.22-a0-322-g60b3cfd (webtiles) character file.

548 Amnesiac the Magician (level 7, -6/32 HPs)
             Began as a Vine Stalker Air Elementalist on Apr 3, 2018.
             Mangled by a gnoll
             ... wielding a +0 spear
              (10 damage)
             ... on level 5 of the Dungeon.
             The game lasted 00:07:59 (3837 turns).

Amnesiac the Magician (VSAE)                        Turns: 3837, Time: 00:08:00

Health: -6/32      AC:  6    Str:  8 (11) XL:     7   Next: 28%
Magic:  0/15       EV: 14    Int: 14 (17) God:
Gold:   190        SH:  3    Dex: 13 (14) Spells: 12/16 levels left

rFire    . . .     SeeInvis .   b - +0 dagger
rCold    . . .     Gourm    .   (no shield)
rNeg     . . .     Faith    .   a - +0 robe
rPois    .         Spirit   +   (no helmet)
rElec    .         Reflect  +   (no cloak)
rCorr    .         Harm     .   (no gloves)
MR       .....                  (no boots)
Stlth    ++........             i - +3 amulet of reflection
HPRegen  0.50/turn              h - ring of wizardry
MPRegen  0.14/turn              l - +4 ring of protection

@: about to teleport
A: fangs 2, regeneration 1, magic shield, antimagic bite, no potion heal 3, rot
immunity
a: no special abilities


You were on level 5 of the Dungeon.
You were very hungry.

You visited 1 branch of the dungeon, and saw 5 of its levels.

You collected 190 gold pieces.

Inventory:

Hand Weapons
 b - a +0 dagger (weapon)
Armour
 a - a +0 robe (worn)
Jewellery
 h - a ring of wizardry (left hand)
 i - a +3 amulet of reflection (around neck)
 l - a +4 ring of protection (right hand)
Wands
 f - a wand of acid (5)
 j - a wand of disintegration (3)
Scrolls
 e - 9 scrolls of identify {!r}
 g - a scroll of teleportation {!r}
 n - 3 scrolls of amnesia {!r}
 o - a scroll of enchant armour {!r, unknown}
 p - 2 scrolls of remove curse {!r}
Potions
 k - a potion of lignification {!q}
 m - 2 potions of brilliance {!q}
Comestibles
 c - 5 rations
 r - 7 chunks of flesh


   Skills:
 * Level 3.9 Dodging
 - Level 2.4 Stealth
 - Level 5.0 Spellcasting
   Level 1.0 Conjurations
 - Level 5.0 Air Magic


You had 12 spell levels left.
You knew the following spells:

 Your Spells              Type           Power        Failure   Level  Hunger
a - Airstrike             Air            ###.......   9%          4    ####...


Dungeon Overview and Level Annotations

Branches:
Dungeon (5/15)
 Temple: D:4-7

Altars:
Xom

Annotations:
D:5 1 transporter


Innate Abilities, Weirdness & Mutations

You have extremely sharp teeth.
Your natural rate of healing is unusually fast.
When hurt, damage is shared between your health and your magic reserves.
Your bite disrupts and absorbs the magic of your enemies.
Potions cannot restore your health.
You are immune to rotting.


Message History

The puff of flame hits you!
* * * LOW HITPOINT WARNING * * *
Found a shimmering altar of Xom.
Casting: Airstrike (safe; 8% risk of failure)
Confirm with . or Enter, or press ? or * to list all spells.
Aiming: Airstrike (safe; 8% risk of failure)
Press: ? - help, Dir - move target cursor, f - gnoll
Aim: a gnoll, wielding a halberd The air twists around and strikes the gnoll!
The gnoll is heavily wounded.
You block the orc's attack.
The gnoll hits you from afar with a halberd!
* * * LOW HITPOINT WARNING * * *
Casting: Airstrike (safe; 8% risk of failure)
Confirm with . or Enter, or press ? or * to list all spells.
You don't have enough magic to cast that spell.
Firing (i - inventory) No suitable missiles.
Press: ? - help, Shift-Dir - straight line, f/p - gnoll
Aim: a gnoll, wielding a halberd (heavily wounded)
Okay, then.
Unknown command.
Casting: Airstrike (safe; 8% risk of failure)
Confirm with . or Enter, or press ? or * to list all spells.
Okay, then.
Casting: Airstrike (safe; 8% risk of failure)
Confirm with . or Enter, or press ? or * to list all spells.
Aiming: Airstrike (safe; 8% risk of failure)
Press: ? - help, Dir - move target cursor, f/p - gnoll
Aim: a gnoll, wielding a halberd (heavily wounded)
The air twists around and strikes the gnoll!
You kill the gnoll!
You are feeling very hungry.
You block the orc's attack.
You hit the orc but do no damage. The orc completely misses you.
A gnoll comes into view. It is wielding a spear.
You closely miss the orc.
The gnoll shouts!
The orc hits you but does no damage.
The orc wizard casts a spell.
The orc wizard flickers and vanishes!
Deactivating autopickup; reactivate with Ctrl-A.
You hit the orc. You bite the orc, but do no damage.
The orc is heavily wounded.
You block the orc's attack.
Really read
d - a scroll labeled JIARAE ZACEWK {!r}?
As you read the scroll labeled JIARAE ZACEWK {!r}, it crumbles to dust.
You smell the scent of fear.
It was a scroll of random uselessness {!r}.
The gnoll hits you from afar with a spear!
* * * LOW HITPOINT WARNING * * *
The orc closely misses you.
Really read
g - 2 scrolls labeled FUYHIE SAOFI {!r}?
As you read the scroll labeled FUYHIE SAOFI {!r}, it crumbles to dust.
You feel strangely unstable.
It was a scroll of teleportation {!r}.
The gnoll hits you from afar with a spear.
* * * LOW HITPOINT WARNING * * *
The orc barely misses you.
Really quaff
q - a coppery potion {!q}?
It was a potion of degeneration {!q}.
There was something very wrong with that liquid.
You feel weakened.
You feel dopey.
You feel clumsy. Something hits you but does no damage.
The gnoll hits you from afar with a spear!
You die...

..............###
#.............#P.
#...o#......#8P .
#######...)...%...### ..
#....####.##g..#.....
...#....# #.....<......
........# ####.###...#.
........# #..o.........
.....g.@####.###########
........o..)..##########
....##........##........
... #....._..##........
# #........##...(....
+........##........
#........##........
#........##########
#........#


You could see a gnoll and an orc.

Vanquished Creatures
  A centaur (D:5)
  An ogre (D:4)
  A hound (D:4)
  Ijyb (D:3)
  An iguana (D:4)
  An orc wizard (D:5)
  2 worker ants
  2 gnolls (D:5)
  11 adders
  An ooze (D:4)
  5 worms
  4 leopard geckos
  5 orcs
  8 giant cockroaches
  7 goblins
  9 hobgoblins
  8 jackals
  A quokka (D:4)
  3 ball pythons
  6 bats
  4 frilled lizards
  5 kobolds
  5 rats
92 creatures vanquished.

Notes
Turn   | Place    | Note
-------+----------+-------------------------------------------
     0 | D:1      | Amnesiac the Vine Stalker Air Elementalist began the quest for the Orb.
     0 | D:1      | Reached XP level 1. HP: 9/9 MP: 4/4
   224 | D:1      | Reached XP level 2. HP: 13/13 MP: 1/6
   718 | D:1      | Reached XP level 3. HP: 16/16 MP: 5/8
  1530 | D:2      | Gained mutation: Your natural rate of healing is unusually fast. [Vine Stalker growth]
  1530 | D:2      | Reached XP level 4. HP: 21/21 MP: 10/10
  1536 | D:2      | Learned a level 4 spell: Airstrike
  1924 | D:3      | Noticed Ijyb
  1978 | D:3      | Killed Ijyb
  1978 | D:3      | Reached XP level 5. HP: 13/24 MP: 1/12
  2714 | D:4      | Noticed an ogre
  2719 | D:4      | Killed an ogre
  2719 | D:4      | Reached skill level 5 in Spellcasting
  2719 | D:4      | Reached XP level 6. HP: 28/28 MP: 0/14
  2939 | D:4      | Reached skill level 5 in Air Magic
  3506 | D:5      | Entered Level 5 of the Dungeon
  3565 | D:5      | Found a transporter.
  3688 | D:5      | Reached XP level 7. HP: 32/32 MP: 8/15
  3823 | D:5      | Found a shimmering altar of Xom.
  3837 | D:5      | Mangled by a gnoll

Vault maps used:
D:1:      matt_arrival_grand_opening, st_stairs_11
D:3:      kennysheep_six_static_rooms, uniq_ijyb
D:4:      first_ration, serial_bayou_pond_b, kennysheep_generic_room_12
D:5:      gammafunk_wand_slinger, basic_altar, fedhas_altar_1

Skill      XL: |  1  2  3  4  5  6 |
---------------+-------------------+-----
Spellcasting   | 3 4 5 |  5.0
Air Magic      | 4 5 |  5.0
Dodging        | 3 |  3.9
Stealth        | |  2.4
Conjurations   | |  1.0

Action                   |  1- 3 |  4- 6 |  7- 9 || total
-------------------------+-------+-------+-------++-------
Melee: Unarmed           |    11 |       |       ||    11
       Bite              |     6 |    29 |     9 ||    44
       Dagger            |    16 |   131 |    20 ||   167
 Cast: Shock             |    68 |       |       ||    68
       Airstrike         |       |    42 |     8 ||    50
Evoke: Wand              |       |     2 |       ||     2
  Use: Scroll            |     3 |       |     2 ||     5
       Potion            |       |     4 |     1 ||     5
 Stab: Sleeping          |       |     4 |       ||     4
       Distracted        |       |     1 |       ||     1
  Eat: Chunk             |     2 |    14 |     2 ||    18
Armor: Robe              |    11 |    23 |     5 ||    39
       Skin              |       |     6 |       ||     6
Dodge: Dodged            |    21 |    78 |    19 ||   118
Block: Other             |     5 |    12 |     6 ||    23

Table legend:
 A = Spawn XP
 B = Non-spawn XP
 C = Spawn XP percentage of total XP
 D = Spawn monster count
 E = Non-spawn monster count
 F = Spawn count percentage of total count
 G = Total turns spent on level
                    A         B        C        D         E        F      G
               +---------+---------+-------+---------+---------+-------+---------
         Total |       0 |     784 |   0.0 |       0 |      92 |   0.0 |  3837
               +---------+---------+-------+---------+---------+-------+---------
           D:1 |       0 |      45 |   0.0 |       0 |      26 |   0.0 |  1064
           D:2 |       0 |      40 |   0.0 |       0 |       9 |   0.0 |   581
           D:3 |       0 |     170 |   0.0 |       0 |      32 |   0.0 |  1065
           D:4 |       0 |     278 |   0.0 |       0 |      16 |   0.0 |   796
           D:5 |       0 |     251 |   0.0 |       0 |       9 |   0.0 |   331
               +---------+---------+-------+---------+---------+-------+---------
